 Dungeon Crawl Stone Soup version 0.29.1-1-gd02db6906a (webtiles) character file.

Game seed: 10536102365603910728

72 Sabo the Gusty (level 4, 0/40 HPs)
             Began as an Ogre Air Elementalist on Sept 15, 2022.
             Slain by an adder (2 damage)
             ... on level 2 of the Dungeon.
             The game lasted 00:13:58 (3089 turns).

Sabo the Gusty (Ogre Air Elementalist)              Turns: 3089, Time: 00:14:00

Health: 0/40       AC:  3    Str: 10 (12) XL:     4   Next: 26%
Magic:  6/8        EV:  9    Int: 17 (18) God:
Gold:   47         SH:  0    Dex:  7 (9)  Spells: 7/8 levels left

rFire   . . .      SeeInvis .   g - +0 giant spiked club
rCold   . . .      Faith    .   (shield currently unavailable)
rNeg    . . .      Spirit   .   a - +0 robe
rPois   .          Reflect  .   (helmet restricted)
rElec   .          Harm     .   (no cloak)
rCorr   .          Rampage  .   (gloves unavailable)
Will    .....                   (boots unavailable)
Stlth   +.........              (no amulet)
HPRegen 0.13/turn               (no ring)
MPRegen 0.11/turn               (no ring)

@: lethally poisoned (0 -> -3)
A: large, unfitting armour, tough skin 1
a: no special abilities


You were on level 2 of the Dungeon.
You visited 1 branch of the dungeon, and saw 2 of its levels.

You collected 47 gold pieces.

Inventory:

Hand Weapons
 d - a +0 spear
 g - a +0 giant spiked club (weapon)
Missiles
 c - 34 stones
Armour
 a - a +0 robe (worn)
Scrolls
 f - a scroll of amnesia {unknown}
 h - 3 scrolls of magic mapping {unknown}
Potions
 b - a potion of magic


   Skills:
 + Level 0.5 Fighting
 + Level 0.8 Polearms
 + Level 2.3 Dodging
 + Level 1.8 Stealth
 + Level 0.1 Unarmed Combat
 + Level 2.9 Spellcasting
 + Level 1.3 Conjurations
 + Level 3.2 Air Magic


You had 7 spell levels left.
You knew the following spells:

 Your Spells              Type           Power      Damage    Failure   Level
a - Shock                 Conj/Air       40%        1d5       7%          1

Your spell library contained the following spells:

 Spells                   Type           Power      Damage    Failure   Level
 Static Discharge         Conj/Air       10%        3-5/arc   11%         2
 Swiftness                Air            13%        N/A       14%         3
 Airstrike                Air            6%         2d(1-17)  43%         4


Dungeon Overview and Level Annotations

Branches:
Dungeon (2/15)

Altars:


Innate Abilities, Weirdness & Mutations

You are too large for most types of armour.
You have tough skin. (AC +1)


Message History

You closely miss the adder.
The adder is heavily wounded.
The adder barely misses you. The adder misses you.
You closely miss the adder.
The adder is heavily wounded.
The adder bites you.
You are poisoned.
The adder poisons you! The adder bites you but does no damage.
The adder bites you.
You miss the adder.
The adder is heavily wounded.
You feel very sick. The adder bites you.
* * * LOW HITPOINT WARNING * * *
You are more poisoned.
The adder poisons you! The adder closely misses you.
Casting: Shock (safe; 6% risk of failure)
Confirm with . or Enter, or press ? or * to list all spells.
You don't know that spell.
Casting: Shock (safe; 6% risk of failure)
Confirm with . or Enter, or press ? or * to list all spells.
Aiming: Shock (safe; 6% risk of failure)
Press: ? - help, Shift-Dir - straight line, f/p - adder
Aim: an adder (heavily wounded, 48% to hit)
The zap hits the adder.
The adder is severely wounded.
* * * LOW HITPOINT WARNING * * *
You feel sick. The adder bites you but does no damage.
It was a potion of degeneration.
There was something very wrong with that liquid.
You feel weakened.
You feel dopey.
You feel clumsy.
You feel sick. The adder bites you but does no damage. The adder bites you.
* * * LOW HITPOINT WARNING * * *
You closely miss the adder.
The adder is severely wounded.
* * * LOW HITPOINT WARNING * * *
You feel sick. The adder bites you.
* * * LOW HITPOINT WARNING * * *
The adder bites you.
You die...

#.#
#.#
#.#
#.#
#.#
#.#
#.#
#.#
#@#
#S#
#.#
#.#
#.#
#.#
#.#
..#


You could see an adder.

Vanquished Creatures
  3 adders (D:2)
  2 worms (D:2)
  A dart slug (D:1)
  7 bats
  2 endoplasms (D:1)
  2 giant cockroaches (D:2)
  4 goblins
  2 hobgoblins
  4 ball pythons
  2 frilled lizards
  4 kobolds
  2 rats (D:2)
35 creatures vanquished.

Vanquished Creatures (others)
  10 plants
10 creatures vanquished.

Grand Total: 45 creatures vanquished

Notes
Turn   | Place    | Note
-------+----------+-------------------------------------------
     0 | D:1      | Sabo the Ogre Air Elementalist began the quest for the Orb.
     0 | D:1      | Reached XP level 1. HP: 16/16 MP: 3/3
   431 | D:1      | Reached XP level 2. HP: 24/24 MP: 5/5
   594 | D:1      | Reached skill level 3 in Air Magic
  1372 | D:2      | Reached skill level 1 in Conjurations
  1407 | D:2      | Reached XP level 3. HP: 31/31 MP: 1/7
  1962 | D:2      | Reached XP level 4. HP: 39/39 MP: 5/8
  3089 | D:2      | HP: 2/40 [adder (1)]
  3089 | D:2      | Slain by an adder

Illustrated notes

Levels and vault maps discovered:
D:1:      reono_arrival_forest_river, layout_loops_ring, serial_bayou_pond_c,
          minmay_misc_feat_columns, kennysheep_flooded_box
D:2:      cheibrodos_old_hovel, layout_basic,
          hellmonk_ecumenical_altar_pennies_from_heaven, minmay_surrounded

Skill      XL: |  1  2 |
---------------+-------+-----
Dodging        | 2 |  2.3
Air Magic      | 3 |  3.2
Conjurations   | 1 |  1.3
Fighting       | |  0.5
Polearms       | |  0.8
Stealth        | |  1.8
Unarmed Combat | |  0.1
Spellcasting   | |  2.9

Action                   |  1- 3 |  4- 6 || total
-------------------------+-------+-------++-------
Melee: Unarmed           |    20 |       ||    20
       Spear             |    28 |       ||    28
       Punch             |     1 |       ||     1
       Giant spiked club |       |    39 ||    39
 Cast: Shock             |    46 |    24 ||    70
  Use: Potion            |       |     1 ||     1
Armor: Robe              |    26 |    20 ||    46
Dodge: Dodged            |    34 |    26 ||    60
